 Dungeon Crawl Stone Soup version 0.29-a0-1006-g0dd7720b37 (webtiles) character file.

Game seed: 9117832951244754901

31687 concernfroge the Impaler (level 13, -13/103 HPs)
             Began as a Mummy Monk on Aug 7, 2022.
             Was a Priest of Cheibriados.
             Collided with some lava (15 damage)
             ... caused by a swamp worm
             ... on level 3 of the Lair of Beasts.
             The game lasted 00:59:01 (14763 turns).

concernfroge the Impaler (Mummy Monk)              Turns: 14763, Time: 00:59:02

Health: -13/103    AC: 18    Str: 26    XL:     13   Next: 27%
Magic:  18/19      EV:  8    Int: 18    God:    Cheibriados [***...]
Gold:   463        SH:  0    Dex: 29    Spells: 12/12 levels left

rFire   . . .      SeeInvis .   h - +2 scythe (flame)
rCold   + . .      Faith    .   (shield currently unavailable)
rNeg    + + +      Spirit   .   p - +2 plate armour {rF+}
rPois   ∞          Reflect  .   u - +2 hat
rElec   .          Harm     .   n - +0 cloak
rCorr   +          Rampage  .   m - +2 pair of gloves
Will    +....                   (no boots)
Stlth   ..........              l - amulet of the acrobat
HPRegen 0.27/turn               c - ring of resist corrosion
MPRegen 0.16/turn               B - +6 ring of dexterity

@: very slow
A: cold resistance 1, negative energy resistance 3, torment resistance 2, heat
vulnerability 1, in touch with death 2, no potions
a: Renounce Religion, Bend Time, Temporal Distortion


You were on level 3 of the Lair of Beasts.
You worshipped Cheibriados.
Cheibriados was most pleased with you.
You visited 3 branches of the dungeon, and saw 15 of its levels.
You also visited: Sewer.

You collected 706 gold pieces.
You spent 243 gold pieces at shops.

Inventory:

Hand Weapons
 h - a +2 scythe of flaming (weapon)
 D - a +2 trident of protection
Missiles
 d - 26 poisoned darts
 f - 7 javelins
 k - 3 curare-tipped darts (quivered)
 o - 3 atropa-tipped darts
Armour
 i - a +0 kite shield
 m - a +2 pair of gloves (worn)
 n - a +0 cloak (worn)
 p - a +2 plate armour of fire resistance (worn)
 u - a +2 hat (worn)
 v - a +0 troll leather armour {Pargi}
Jewellery
 a - an amulet of regeneration
 c - a ring of resist corrosion (left hand)
 l - an amulet of the acrobat (around neck)
 s - a +4 ring of protection
 w - a +6 ring of intelligence
 B - a +6 ring of dexterity (right hand)
Wands
 g - a wand of acid (7)
 t - a wand of flame (10)
 A - a wand of roots (1)
Scrolls
 b - 4 scrolls of immolation
 e - 4 scrolls of vulnerability
 j - 2 scrolls of identify
 q - 3 scrolls of blinking
 r - a scroll of magic mapping
 x - a scroll of enchant weapon {unknown}
 z - a scroll of noise


   Skills:
 - Level 10.0 Fighting
 + Level 15.9 Polearms
 - Level 2.4 Dodging
 - Level 1.5 Stealth
 - Level 8.5 Invocations


You had 12 spell levels left.
You didn't know any spells.
Your spell library contained the following spells:

 Spells                   Type           Power      Damage    Failure   Level
 Apportation              Tloc           0%         N/A       98%         1
 Sting                    Tmut/Pois      0%         1d3       98%         1
 Ensorcelled Hibernation  Hex/Ice        0%         N/A       99%         2
 Passwall                 Tmut/Erth      0%         N/A       99%         2
 Poisonous Vapours        Pois/Air       0%         N/A       99%         2
 Swiftness                Air            0%         N/A       100%        3
 Anguish                  Hex/Necr       0%         N/A       100%        4
 Animate Dead             Necr           0%         N/A       100%        4
 Olgreb's Toxic Radiance  Pois           0%         N/A       100%        4
 Summon Ice Beast         Ice/Summ       0%         N/A       100%        4
 Alistair's Intoxication  Tmut/Pois      0%         N/A       100%        5
 Borgnjor's Vile Clutch   Necr/Erth      0%         N/A       100%        5
 Summon Mana Viper        Hex/Summ       0%         N/A       100%        5
 Death Channel            Necr           0%         N/A       100%        6
 Enfeeble                 Hex            0%         N/A       100%        7
 Monstrous Menagerie      Summ           0%         N/A       100%        7


Dungeon Overview and Level Annotations

Branches:
Dungeon (11/15)            Temple (1/1) D:5            Lair (3/5) D:10
  Swamp (0/4) Lair:2        Snake (0/4) Lair:2        Sewer (visited)
    Orc: D:9-12

Altars:
Ashenzari
Cheibriados
Dithmenos
Fedhas
Gozag
Hepliaklqana
Kikubaaqudgha
Makhleb
Nemelex Xobeh
Okawaru
Qazlal
Ru
Sif Muna
Trog
Uskayaw
Vehumet
Wu Jian
Xom
Yredelemnul

Shops:
D:4 ?   D:5 *

Annotations:
D:5 2 transporters, Newt's ghost, novice DsGl
D:6 2 transporters, siradein's ghost, novice GnHu
Lair:3 1 transporter


Innate Abilities, Weirdness & Mutations

You are immune to poison.
Your flesh is cold resistant. (rC+)
You are immune to negative energy. (rN+++)
You are immune to unholy pain and torment.
You are vulnerable to heat. (rF-)
You are strongly in touch with the powers of death.
You do not drink.


Message History

The swamp worm fires a harpoon shot at you.
The harpoon shot hits you but does no damage.
You are struck by the briar patch's thorns.
You hit the briar patch. You burn the briar patch.
The briar patch is moderately damaged.
You slash the briar patch! You burn the briar patch.
You destroy the briar patch!
You are struck by the briar patch's thorns.
You hit the briar patch. You burn the briar patch.
The briar patch is moderately damaged.
The swamp worm fires a harpoon shot at you.
The harpoon shot hits you.
* * * LOW HITPOINT WARNING * * *
You are yanked forward by the harpoon shot.
You violently stop moving!
* * * LOW HITPOINT WARNING * * *
Okay, then.
Okay, then.
Reach: h) +2 scythe (flame)
Press: ? - help, Dir - move target, f - swamp worm
Aim: a swamp worm (black smoke, about 31% to evade your +2 scythe of flaming)
You reach to attack!
You barely miss the swamp worm.
The swamp worm fires a harpoon shot at you.
The harpoon shot hits you but does no damage.
The swamp worm fires a harpoon shot at you.
The harpoon shot hits you.
* * * LOW HITPOINT WARNING * * *
You are yanked forward by the harpoon shot.
You violently stop moving!
* * * LOW HITPOINT WARNING * * *
Reach: h) +2 scythe (flame)
Press: ? - help, Dir - move target, f/p - swamp worm
Aim: a swamp worm (black smoke, about 31% to evade your +2 scythe of flaming)
You reach to attack!
You barely miss the swamp worm.
The swamp worm fires a harpoon shot at you.
The harpoon shot hits you!!
* * * LOW HITPOINT WARNING * * *
You are yanked forward by the harpoon shot.
You violently stop moving!
You die...

..##..........#..PP........#
..P#P......................# ..
...........................##...
.[...........#########..........
....#........#w#♣#†#†#...........
...###....####§≈≈#≈≈≈##.........#
...###....#=(#PP.☼...P#..........
.........©#©)+°§^^^^^©#©......P..
..........#[:#PP@PPP§P#.......P..
##..#.....####§§#≈§≈§##.........†
.##..#.......##w#♣#.##..........†
..#..........#########.......<.P.
###..............................
#.....÷÷.........................
......÷.#.[......................
.......##........................
...#.#..#..........^###..........


You could see 2 swamp worms.

Vanquished Creatures
  A boulder beetle (Lair:1)
  3 hydras
  Amaemon (Lair:1)
  A deep elf pyromancer (D:8)
  6 elephants (Lair:1)
  A black mamba (Lair:3)
  An orange demon (Lair:1)
  A gargoyle (D:10)
  Joseph (D:9)
  Maggie (D:9)
  4 cane toads
  7 komodo dragons
  5 rime drakes
  A kobold demonologist (D:7)
  2 trolls (D:10)
  A polar bear (Lair:2)
  Prince Ribbit (D:7)
  Grinder (D:6)
  3 hornets
  Sigmund (D:6)
  3 wyverns
  A steam dragon (D:9)
  54 yaks
  Eustachio (D:6)
  2 basilisks
  A wraith (D:9)
  4 wargs (D:7)
  Menkaure (D:6)
  3 nagas (Lair:2)
  An acid dragon (D:10)
  5 swamp worms
  Duvessa (D:7)
  8 water moccasins
  Pargi (Sewer)
  2 sky beasts (D:7)
  3 black bears
  6 orc warriors
  8 ogres
  5 wolves (D:10)
  3 centaurs
  A phantom (D:8)
  6 kobold brigands
  9 bullfrogs
  5 gnoll sergeants
  3 scorpions
  10 wights
  Dowan (D:7)
  10 killer bees
  2 electric eels (D:10)
  9 howler monkeys (D:7)
  A jelly (D:7)
  13 orc priests
  A gnoll bouda (D:7)
  10 hounds
  2 iguanas (D:5)
  15 orc wizards
  7 hell rats (Lair:3)
  7 adders
  14 gnolls
  2 river rats (D:4)
  A shadow imp (D:7)
  A white imp (D:8)
  An ufetubus (D:6)
  2 worms
  4 dart slugs
  43 orcs
  5 bats
  2 endoplasms (D:1)
  6 giant cockroaches
  7 goblins
  7 hobgoblins
  8 jackals
  19 kobolds
  4 quokkas
  7 ball pythons
  2 frilled lizards (D:1)
  9 rats
  5 briar patches (Lair:3)
417 creatures vanquished.

Vanquished Creatures (others)
  A human (D:4)
  2 centaurs (D:8)
  A bush (Lair:1)
  15 fungi
  35 plants
54 creatures vanquished.

Grand Total: 471 creatures vanquished

Notes
Turn   | Place    | Note
-------+----------+-------------------------------------------
     0 | D:1      | concernfroge the Mummy Monk began the quest for the Orb.
     0 | D:1      | Reached XP level 1. HP: 18/18 MP: 1/1
   167 | D:1      | Reached XP level 2. HP: 14/24 MP: 2/2
   789 | D:1      | Gained mutation: You are in touch with the powers of death.
                  | [Mummy growth]
   789 | D:1      | Reached XP level 3. HP: 30/30 MP: 3/3
  2396 | D:3      | Found a faded altar of an unknown god.
  2647 | D:3      | Found a stormy altar of Qazlal.
  2648 | D:3      | Noticed a fire elemental
  2651 | D:3      | Noticed an earth elemental
  2651 | D:3      | Noticed a water elemental
  2651 | D:3      | Noticed an air elemental
  2743 | D:3      | Reached skill level 5 in Fighting
  2743 | D:3      | Reached XP level 4. HP: 39/39 MP: 4/4
  3014 | D:4      | Reached XP level 5. HP: 46/46 MP: 5/5
  3237 | D:4      | Found Wozasez's Magic Scroll Shoppe.
  3245 | D:4      | Bought a scroll of magic mapping for 97 gold pieces
  3245 | D:4      | Bought a scroll of fear for 52 gold pieces
  3436 | D:4      | Found an ancient bone altar of Kikubaaqudgha.
  3436 | D:4      | Noticed a human
  3440 | D:4      | Killed a human
  3511 | D:4      | Found a glowing drain.
  3525 | Sewer    | Entered a sewer
  3673 | Sewer    | Noticed Pargi
  3691 | Sewer    | Killed Pargi
  3692 | Sewer    | Reached XP level 6. HP: 55/55 MP: 6/6
  3833 | D:5      | Entered Level 5 of the Dungeon
  3897 | D:5      | Found a staircase to the Ecumenical Temple.
  3906 | Temple   | Entered the Ecumenical Temple
  4226 | Temple   | Became a worshipper of Cheibriados the Contemplative
  4226 | Temple   | Reached * piety under Cheibriados
  4226 | Temple   | Reached ** piety under Cheibriados
  4332 | D:5      | Reached XP level 7. HP: 62/62 MP: 7/7
  4342 | D:5      | Identified the +6 kite shield "Nel Pygi" {Rampage Regen+
                  | Str+2}
  4405 | D:5      | Reached skill level 1 in Invocations
  4578 | D:5      | Found a transporter.
  4638 | D:5      | Found Vyl Zuga's Serpentskin Sales.
  4645 | D:5      | Bought 3 curare-tipped darts for 18 gold pieces
  4645 | D:5      | Bought a scroll of poison for 40 gold pieces
  4698 | D:5      | Noticed Newt's ghost (novice DsGl)
  4701 | D:5      | Found a transporter.
  5061 | D:6      | Noticed Eustachio
  5079 | D:6      | Killed Eustachio
  5194 | D:6      | Noticed Grinder
  5206 | D:6      | Killed Grinder
  5207 | D:6      | Reached XP level 8. HP: 54/71 MP: 10/10
  5259 | D:6      | Noticed Sigmund
  5262 | D:6      | Noticed Menkaure
  5266 | D:6      | Killed Sigmund
  5278 | D:6      | HP: 3/71 [Menkaure (12)]
  5280 | D:6      | Killed Menkaure
  5362 | D:6      | Reached skill level 10 in Fighting
  5382 | D:6      | Found a transporter.
  5395 | D:6      | Noticed a hornet
  5419 | D:6      | Noticed siradein's ghost (novice GnHu)
  5501 | D:6      | Found a transporter.
  5573 | D:7      | Reached skill level 3 in Polearms
  5576 | D:7      | Noticed a hornet
  5584 | D:7      | Reached skill level 4 in Polearms
  5584 | D:7      | Killed a hornet
  5585 | D:7      | Reached skill level 5 in Polearms
  5585 | D:7      | Reached XP level 9. HP: 78/78 MP: 12/12
  5623 | D:7      | Reached *** piety under Cheibriados
  5633 | D:7      | Reached skill level 6 in Polearms
  5653 | D:7      | Noticed a kobold demonologist
  5659 | D:7      | HP: 1/78 [gnoll sergeant/+0 trident (10)]
  5746 | D:7      | Noticed Prince Ribbit
  5754 | D:7      | Killed Prince Ribbit
  5852 | D:7      | Reached skill level 7 in Polearms
  6029 | D:7      | Reached skill level 8 in Polearms
  6059 | D:7      | Killed a kobold demonologist
  6138 | D:8      | Reached XP level 10. HP: 66/85 MP: 9/13
  6189 | D:8      | Reached skill level 9 in Polearms
  6239 | D:8      | Reached **** piety under Cheibriados
  6257 | D:8      | Reached skill level 10 in Polearms
  6464 | D:8      | Noticed a deep elf pyromancer
  6473 | D:8      | Killed a deep elf pyromancer
  6666 | D:8      | Reached ***** piety under Cheibriados
  6769 | D:8      | Reached skill level 11 in Polearms
  7056 | D:9      | Noticed Joseph
  7063 | D:9      | Killed Joseph
  7171 | D:9      | HP: 4/85 [something/ball of steam (27)]
  7173 | D:10     | Entered Level 10 of the Dungeon
  7558 | D:9      | Reached XP level 11. HP: 90/90 MP: 14/14
  7587 | D:9      | Noticed Maggie
  7596 | D:9      | Killed Maggie
  7971 | D:9      | Reached skill level 5 in Invocations
  8098 | D:7      | Reached skill level 12 in Polearms
  8710 | D:7      | Noticed Dowan
  8710 | D:7      | Noticed Duvessa
  8719 | D:7      | Killed Dowan
  8728 | D:7      | Killed Duvessa
  9040 | D:7      | Reached ****** piety under Cheibriados
  9428 | D:5      | Bought 6 curare-tipped darts for 36 gold pieces
  9551 | D:10     | Identified the +3 ring mail of Gallantry {rPois}
  9876 | D:10     | Found a staircase to the Lair.
 10419 | D:10     | Found a shimmering blue altar of Sif Muna.
 10583 | Lair:1   | Entered Level 1 of the Lair of Beasts
 10693 | Lair:1   | Noticed a boulder beetle
 10699 | Lair:1   | Killed a boulder beetle
 10700 | Lair:1   | Reached skill level 13 in Polearms
 10700 | Lair:1   | Reached XP level 12. HP: 97/97 MP: 6/17
 11656 | Lair:1   | Noticed Amaemon
 11671 | Lair:1   | Killed Amaemon
 12125 | Lair:1   | Noticed a six-headed hydra
 12131 | Lair:1   | Killed a three-headed hydra
 12132 | Lair:1   | Reached skill level 14 in Polearms
 13209 | Lair:2   | Reached skill level 15 in Polearms
 13264 | Lair:2   | Noticed a four-headed hydra
 13273 | Lair:2   | Killed a one-headed hydra
 13274 | Lair:2   | Gained mutation: You are strongly in touch with the powers
                  | of death. [Mummy growth]
 13274 | Lair:2   | Reached XP level 13. HP: 76/103 MP: 19/19
 13421 | Lair:2   | Found a staircase to the Snake Pit.
 13653 | Lair:2   | Found a staircase to the Swamp.
 14136 | Lair:3   | Found a transporter.
 14508 | Lair:3   | Found a transporter.
 14763 | Lair:3   | HP: 2/103 [swamp worm/harpoon shot (19)]
 14763 | Lair:3   | Collided with some lava

Illustrated notes

Levels and vault maps discovered:
D:1:      minmay_arrival_three_doors, layout_loops_corners, minmay_tetromino_i2
D:2:      layout_rooms, nicolae_eternal_life
D:3:      layout_basic, nicolae_qazlal_style_of_elements,
          chequers_ecumenical_altar_lobes
D:4:      nicolae_cairo_tiling_large_dashed, layout_rooms, tgw_kikubaaqudgha,
          serial_shops, nicolae_shop_hallway_plus, gup_sewer_entry_bubbles
D:5:      layout_loops_corners, minmay_temple_entry_statues_fountains,
          gammafunk_ghost_gnarly_gnolls, grunt_ministairs_4, guppyfry_shop_venom
D:6:      layout_rooms, gammafunk_ghost_hive, uniq_menkaure, uniq_sigmund,
          uniq_grinder, uniq_eustachio
D:7:      lemuel_castle_with_subvaults [lemuel_castle_interior_carwin_2],
          layout_cave_pools, serial_column_ruins, column_ruins_grid_1,
          column_ruins_grid_1, column_ruins_grid_3, column_ruins_open_medium,
          column_ruins_grid_1, uniq_prince_ribbit1, uniq_duvessa
D:8:      cheibrodos_barr_body, layout_basic, lightli_orcish_oven
D:9:      layout_basic, minmay_misc_feat_five, uniq_maggie, uniq_joseph
D:10:     layout_irregular_city, led_sif_book, erik_lair_island
D:11:     layout_basic, nicolae_ru_great_annihilating_truth
Temple:   compressed_dpeg_triangle_lava_temple
Lair:1:   layout_long_grid, serial_bayou_shore_b, uniq_amaemon
Lair:2:   layout_chaotic_city, palyth_hydra_swamp_entry,
          guppyfry_snake_entry_garden
Lair:3:   gammafunk_worm_tunnel, layout_cave_shapes, hibernation_bobbens

Skill      XL: |  1  2  3  4  5  6  7  8  9 10 11 12 |
---------------+-------------------------------------+-----
Fighting       | 4 5 7 8 9 10 | 10.0
Invocations    | 3 4 7 8 |  8.5
Polearms       | 5 8 11 13 15 | 15.9
Dodging        | |  2.4
Stealth        | |  1.5

Action                   |  1- 3 |  4- 6 |  7- 9 | 10-12 | 13-15 || total
-------------------------+-------+-------+-------+-------+-------++-------
Melee: Spear             |   135 |   180 |    38 |       |       ||   353
       Punch             |     1 |       |       |       |       ||     1
       Great sword       |       |       |    31 |       |       ||    31
       Halberd           |       |       |   170 |   628 |   113 ||   911
Throw: Javelin           |    20 |     4 |    18 |     3 |       ||    45
       Dart              |       |       |     9 |    38 |     2 ||    49
       Throwing net      |       |       |     1 |     1 |       ||     2
Invok: Bend Time         |       |       |     4 |    16 |     2 ||    22
       Slouch            |       |       |       |     9 |     2 ||    11
Evoke: Wand              |       |     1 |     7 |    20 |       ||    28
  Use: Scroll            |     3 |     5 |    11 |    13 |       ||    32
 Stab: Sleeping          |       |     1 |     4 |     2 |       ||     7
       Distracted        |       |       |       |     1 |       ||     1
Armor: Scale mail        |    38 |    74 |       |       |       ||   112
       Troll leather arm |       |     6 |    49 |    45 |       ||   100
       Plate armour      |       |       |       |   116 |    37 ||   153
       Chain mail        |       |       |       |     9 |       ||     9
Dodge: Dodged            |    46 |    58 |   121 |   323 |    28 ||   576
Block: Buckler           |     2 |    28 |     3 |       |       ||    33

Table legend: (Time is in decaauts)
 A = Elapsed time spent in this place.
 B = Non-inter-level travel time spent in this place.
 C = Inter-level travel time spent in this place.
 D = Time resting spent in this place.
 E = Time spent auto-exploring this place.
 F = Levels seen in this place.
 G = Mean time per level.
                   A        B        C        D        E       F      G
               +--------+--------+--------+--------+--------+-----+--------+
         Total |  19266 |  17714 |   1552 |    183 |  14384 |  16 | 1204.1 |
       Dungeon |  13235 |  11943 |   1292 |    119 |   9442 |  11 | 1203.2 |
        Temple |    339 |    300 |     39 |      0 |    286 |   1 |  339.0 |
          Lair |   5486 |   5266 |    220 |     64 |   4552 |   3 | 1828.7 |
         Sewer |    205 |    205 |      0 |      0 |    104 |   1 |  205.0 |
               +--------+--------+--------+--------+--------+-----+--------+

Top non-repeatable levels by time:
  Lair:1: 2549 daAuts
     D:7: 2544 daAuts
  Lair:2: 2223 daAuts
    D:10: 1653 daAuts
     D:9: 1541 daAuts
     D:8: 1479 daAuts
     D:5: 1383 daAuts
     D:1: 1148 daAuts
     D:3: 1022 daAuts
     D:6: 891 daAuts
     D:2: 766 daAuts
     D:4: 733 daAuts
  Lair:3: 714 daAuts
  Temple: 339 daAuts
   Sewer: 205 daAuts
